Map: Prion Terraces

Players

MorN - Winner!

  • Race: Terran Terran
  • League: Master

IIIIIIIIIIII

  • Race: Protoss Protoss
  • League: Master

VOD

Have the link to the VOD?

Description

Time

  • Played on: Dec. 10, 2015, 11:35 a.m.
  • Length: 6:31
Show
View Real Time Build Order
Export as new Build Order

MorN Terran - Winner!

Build Orders: Reaper Expand 

Get SALT Encoding   

  12  0:00  SCV  
  13  0:12  SCV  
  14  0:17  Supply Depot  
  14  0:25  SCV  
  15  0:39  SCV  
  15  0:42  Barracks  
  16  0:51  SCV  
  16  0:52  Refinery  
  17  1:03  SCV  
  18  1:15  SCV  
  19  1:29  Orbital Command  
  19  1:36  Reaper  
  20  1:47  Command Center  
  20  2:00  Supply Depot  
  20  2:02  SCV  
  20  2:06  Barracks  
  21  2:08  Barracks Reactor  
  21  2:14  SCV  
  22  2:16  Barracks  
  22  2:27  SCV  
  23  2:39  SCV  
  23  2:43  Refinery  
  24  2:45  Factory  
  24  2:52  SCV  
  24  2:54  Barracks Tech Lab  
  25  2:59  Marine x2  
  25  3:00  Orbital Command  
  25  3:04  SCV  
  28  3:06  Marine  
  29  3:16  SCV  
  29  3:17  Stimpack, Marine x2  
  32  3:20  Marine  
  33  3:28  SCV x2, Supply Depot  
  33  3:32  Marine  
  36  3:38  Starport  
  35  3:43  Marine x3  
  35  3:45  Factory Reactor  
  35  3:48  SCV x2  
  40  3:54  Marine  
  41  4:00  SCV x2, Marine  
  41  4:01  Supply Depot  
  41  4:02  Marine  
  45  4:12  SCV  
  45  4:13  Supply Depot, SCV  
  45  4:15  Bunker  
  48  4:24  SCV  
  48  4:26  Marine x2  
  48  4:28  Medivac x2  
  48  4:30  Marauder  
  48  4:31  Marine  
  57  4:34  SCV  
  57  4:38  SCV  
  59  4:41  Supply Depot  
  59  4:47  SCV  
  59  4:59  Barracks Tech Lab  
  59  5:09  Marauder, Marine x2  
  59  5:10  SCV, Medivac  
  66  5:15  SCV  
  66  5:16  Supply Depot  
  66  5:17  Command Center, Refinery  
  67  5:22  SCV  
  67  5:26  Factory Reactor  
  67  5:27  SCV, Marine x2  
  71  5:29  Concussive Shells  
  71  5:35  SCV  
  72  5:38  Marauder  
  72  5:39  SCV  
  72  5:54  Marine x2  
  72  5:55  Marauder  
  73  5:59  Marine  
  69  6:04  SCV  
  70  6:12  Marine x2  
Show
View Real Time Build Order
Export as new Build Order

IIIIIIIIIIII Protoss 

Build Orders: Blink Stalkers 

Get SALT Encoding   

  12  0:00  Probe (Chrono Boost)  
  13  0:11  Probe (Chrono Boost)  
  14  0:17  Pylon  
  14  0:22  Probe (Chrono Boost)  
  15  0:36  Probe (Chrono Boost)  
  15  0:42  Gateway  
  16  0:46  Probe (Chrono Boost)  
  16  0:48  Assimilator  
  17  0:52  Assimilator  
  18  0:57  Probe (Chrono Boost)  
  18  1:07  Probe (Chrono Boost)  
  19  1:18  Probe (Chrono Boost)  
  20  1:21  Pylon  
  20  1:29  Cybernetics Core  
  20  1:30  Probe (Chrono Boost)  
  21  1:41  Probe (Chrono Boost)  
  22  1:57  Nexus  
  22  2:00  Probe (Chrono Boost)  
  22  2:10  Adept  
  22  2:14  Mothership Core (Chrono Boost)  
  26  2:17  Warp Gate  
  26  2:30  Twilight Council  
  26  2:36  Probe (Chrono Boost)  
  27  2:44  Adept  
  27  2:47  Probe (Chrono Boost)  
  30  2:58  Probe (Chrono Boost)  
  31  3:00  Pylon  
  31  3:06  Blink (Chrono Boost)  
  31  3:08  Probe (Chrono Boost)  
  31  3:09  Probe (Chrono Boost)  
  33  3:19  Probe x2 (Chrono Boost)  
  35  3:27  Pylon  
  35  3:29  Probe (Chrono Boost)  
  35  3:30  Probe (Chrono Boost)  
  37  3:40  Probe x2 (Chrono Boost)  
  39  3:45  Forge  
  39  3:49  Probe  
  39  3:51  Probe  
  41  4:00  Probe  
  41  4:02  Gateway x2  
  42  4:03  Probe  
  43  4:10  Probe, Assimilator  
  43  4:13  Assimilator  
  43  4:15  Probe  
  45  4:18  Protoss Ground Armor Level 1 (Chrono Boost)  
  45  4:20  Photon Cannon  
  45  4:26  Photon Cannon  
  45  4:27  Probe  
  45  4:28  Probe  
  47  4:37  Probe  
  47  4:40  Probe  
  49  4:48  Probe  
  48  4:54  Probe  
  49  5:02  Stalker  
  49  5:03  Stalker x2  
  55  5:07  Nexus  
  55  5:10  Templar Archives  
  55  5:12  Pylon  
  55  5:13  Probe x2  
  57  5:26  Stalker x2  
  61  5:30  Probe  
  61  5:34  Stalker  
  64  5:36  Pylon  
  63  5:48  Probe  
  63  5:49  Probe  
  41  5:58  Probe  
  41  6:01  Probe  
  35  6:05  Stalker x2  
  35  6:09  Probe  
  38  6:13  Probe  
Tags
 
Add a new tag
Caveats
  • Supply blocks, unpowered buildings, or Contaminate may cause inaccurate times.
  • Supply counts are checked every 10 seconds.